AoeStats
← demcurry30

Arena

509987255Analyzed
1v1 RM · 4d ago on Sep 28, 2026· 27m 41s· 2 players
Game mode
Random Map
Map size
Tiny (2 player)
Population
200
Speed
Normal
Resources
Standard
Victory
Conquest
Starting age
Dark Age
Ending age
Imperial Age
RankedLock teamsTeams togetherTeam positionsShared explorationLock speedFull tech treeHidden civsTurbo modeCheats
Victory
Defeat
🇺🇸 Malians · United States
973
+15
🇦🇷 Goths · Argentina
958
-44
demcurry30
11:39 Feudal Age
12:58 Wheelbarrow
12:46 Horse Collar
13:11 Double-Bit Axe
22:37 Castle Age
20:33 Gold Mining
22:08 Man-at-Arms
24:11 Bow Saw
24:05 Heavy Plow
24:48 Hand Cart
25:45 Long Swordsman
jbkakiflow
4:18 Loom
4:24 Loom
4:39 Loom
10:26 Feudal Age
14:59 Castle Age
13:07 Horse Collar
15:02 Double-Bit Axe
17:04 Fervor
17:05 Gold Mining
24:31 Forging
24:21 Scale Mail Armor
25:03 Fletching
29:48 Imperial Age
28:04 Chain Mail Armor
28:02 Heavy Plow
28:20 Squires
28:06 Arson
Connection lost

Rejoining the realm…

Still unreachable

The connection could not be restored.

Session expired

The server has moved on; the page needs a fresh start.